[Event "World Junior U20 Girls 2018"]
[Site "Gebze"]
[Date "2018.09.06"]
[Round "2"]
[White "Gur, Tuba"]
[Black "Celik, Eda"]
[Result "1-0"]
[ECO "D94"]
[WhiteElo "1724"]
[BlackElo "1970"]
[Annotator "NA"]
[PlyCount "79"]
[EventDate "2018.09.05"]
[EventType "swiss"]
[EventCountry "TUR"]
[SourceTitle "playchess.com"]
[Source "ChessBase"]
[SourceQuality "1"]
[TimeControl "40/5400+30:1800+30"]

1. d4 Nf6 2. Nf3 c5 3. e3 g6 4. c4 Bg7 5. Nc3 O-O 6. Be2 cxd4 7. exd4 d5 8. O-O Nc6 9. Bf4 dxc4 10. Bxc4 Na5 11. Be2 Be6 12. Rc1 Rc8 13. b3 Rxc3 14. Rxc3 Nd5 15. Qc1 Nxc3 16. Qxc3 Nc6 17. Rd1 Bg4 18. Be3 Qd5 19. h3 Bf5 20. Bc4 Qd6 21. Qd2 Rd8 22. Bf4 Qb4 23. d5 Bc3 24. Qe3 b5 25. Be2 Na5 26. Bc7 Rd7 27. a3 Qe4 28. Qxc3 Qxe2 29. Re1 Qc2 30. Bxa5 Rxd5 31. Rxe7 Rd1+ 32. Kh2 Qxc3 33. Bxc3 Kf8 34. Rxa7 Rd3 35. Bb4+ Kg7 36. Ne5 Rxb3 37. Nxf7 Kf6 38. Nd6 Be6 39. Nxb5 Rb2 40. Bc3+ 1-0

[Event "World Junior U20 Girls 2018"]
[Site "Gebze"]
[Date "2018.09.06"]
[Round "2"]
[White "Rousseau, Christilla"]
[Black "Vujcic, Milena"]
[Result "0-1"]
[ECO "A41"]
[WhiteElo "1677"]
[BlackElo "1955"]
[Annotator "NA"]
[PlyCount "110"]
[EventDate "2018.09.05"]
[EventType "swiss"]
[EventCountry "TUR"]
[SourceTitle "playchess.com"]
[Source "ChessBase"]
[SourceQuality "1"]
[TimeControl "40/5400+30:1800+30"]

1. d4 g6 2. Bf4 Bg7 3. e3 d6 4. Nf3 Nd7 5. h3 e5 6. Bh2 Nh6 7. Be2 O-O 8. O-O f5 9. c3 Nf7 10. Nbd2 Qe7 11. Rc1 b6 12. b4 Bb7 13. Nb3 c5 14. a3 Rac8 15. Re1 c4 16. Na1 Bxf3 17. Bxf3 e4 18. Be2 b5 19. Nc2 Nb6 20. Qd2 a6 21. Kh1 Kh8 22. Rg1 Rg8 23. Rcf1 Rcf8 24. Bg3 h6 25. f3 d5 26. f4 Kh7 27. Kh2 Nd8 28. Rf2 Rf7 29. Re1 Ne6 30. Kh1 Rgf8 31. Kg1 Qc7 32. Kh2 Rg8 33. Bd1 Bf8 34. Be2 Bd6 35. Ref1 Rfg7 36. Rg1 Qb8 37. Bd1 Nc8 38. Be2 Ne7 39. Bd1 g5 40. Bh5 Qc7 41. Kh1 Rf8 42. Bh2 g4 43. hxg4 fxg4 44. g3 Rf5 45. Bxg4 Rxg4 46. Qe2 h5 47. Rgg2 Rf8 48. Rf1 Nf5 49. Qf2 Rfg8 50. Rfg1 Qg7 51. Ne1 Nd8 52. Nc2 Nf7 53. Qe1 h4 54. Qe2 h3 55. Rf2 Qh6 0-1

[Event "World Junior U20 Girls 2018"]
[Site "Gebze"]
[Date "2018.09.06"]
[Round "2"]
[White "Anandpara Jayendra Saloni"]
[Black "Kyrkjebo, Hanna B"]
[Result "0-1"]
[ECO "D02"]
[WhiteElo "1326"]
[BlackElo "1947"]
[Annotator "NA"]
[PlyCount "108"]
[EventDate "2018.09.05"]
[EventType "swiss"]
[EventCountry "TUR"]
[SourceTitle "playchess.com"]
[Source "ChessBase"]
[SourceQuality "1"]
[TimeControl "40/5400+30:1800+30"]

1. d4 Nf6 2. Bf4 e6 3. e3 c5 4. c3 Be7 5. Nd2 O-O 6. Ngf3 b6 7. Bd3 Bb7 8. O-O d5 9. Re1 {[%emt 0:02:30] D02: 1 d4 d5 2 Nf3 sidelines, including 2...Nf6 3 g3 and 2...Nf6 3 Bf4} (9. Qb1 Nbd7 10. h3 a6 11. Bh2 Re8 12. Ne5 Nf8 13. f4 N6d7 14. Qd1 f6 15. Nef3 Bd6 16. Kh1 Qc7 17. Nh4 b5 18. e4 dxe4 19. Bxe4 cxd4 20. cxd4 {½-½ (42) Steczek,M (2382)-Worek,J (2332) Poronin 2013}) 9... Nbd7 10. Ne5 Ne4 11. Nxd7 $146 ({Predecessor:} 11. Nf1 f5 12. f3 Nef6 13. Ng3 Nxe5 14. Bxe5 Nd7 15. f4 Nxe5 16. fxe5 {0-1 (33) Al Balushi,M-Al Rufaye,I (2094) Muscat 2015}) 11... Qxd7 12. f3 Nf6 13. a3 Nh5 14. Bg3 Nxg3 15. hxg3 Bf6 16. f4 g6 17. Nf3 Qd8 18. g4 Re8 19. g5 Bg7 20. Bc2 Rc8 21. Nh2 Qe7 22. Ba4 Bc6 23. Bxc6 Rxc6 24. Rc1 Rec8 25. Qf3 cxd4 26. exd4 Bxd4+ 27. Kh1 Qd8 28. Rcd1 Bg7 29. Ng4 Rc4 30. Ne5 Bxe5 31. Rxe5 Qf8 32. Qe3 h6 33. Rd4 Rxd4 34. Qxd4 hxg5 35. fxg5 Rc4 36. Qf2 Qc5 37. Qe1 Qd6 38. Re3 Qe7 39. Re5 Rg4 40. Qe3 Rh4+ 41. Kg1 Qc5 42. Kf2 Rf4+ 43. Kg3 Qxe3+ 44. Rxe3 Rf5 45. Rf3 Rxg5+ 46. Kf2 Rf5 47. Ke3 Rxf3+ 48. gxf3 Kf8 $19 49. f4 Ke7 50. b3 Kd6 51. c4 dxc4 52. bxc4 Kc5 53. Kd3 f6 54. Kc3 g5 0-1

[Event "World Junior U20 Girls 2018"]
[Site "Gebze"]
[Date "2018.09.07"]
[Round "3"]
[White "Nomin-Erdene, Davaademberel"]
[Black "Caballero Quijano, Mitzy Mishell"]
[Result "1-0"]
[ECO "C11"]
[WhiteElo "2377"]
[BlackElo "2034"]
[Annotator "NA"]
[PlyCount "81"]
[EventDate "2018.09.05"]
[EventType "swiss"]
[EventCountry "TUR"]
[SourceTitle "playchess.com"]
[Source "ChessBase"]
[SourceQuality "1"]
[TimeControl "40/5400+30:1800+30"]

1. e4 e6 2. d4 d5 3. Nc3 Nf6 4. e5 Nfd7 5. f4 c5 6. Nf3 Nc6 7. Be3 Qb6 8. Na4 Qa5+ 9. c3 b6 10. Bd2 c4 11. b4 Nxb4 {[%emt 0:00:30] C11: French: Classical System: 4 e5 and 4 Bg5 dxe4} (11... Qa6 12. Nb2 b5 13. a3 Qb7 14. Be2 Be7 15. O-O a5 16. Qe1 O-O 17. Rc1 f5 18. Nd1 Nb6 19. Ne3 {0-1 (70) Vidit,S (2718)-Duda,J (2737) Danzhou 2018}) 12. cxb4 Bxb4 13. Rc1 Bxd2+ 14. Nxd2 b5 15. Nc3 b4 16. Qa4 Qxa4 17. Nxa4 a5 $146 ({Predecessor:} 17... Bb7 18. Be2 Ke7 19. Rb1 {½-½ (38) Brueckel,G (2338)-Gilles,R (2231) IECG email 2003}) 18. Be2 Ba6 19. Kf2 O-O 20. Ke3 Bb5 21. Nc5 Nxc5 22. dxc5 Rac8 23. Kd4 Rfd8 24. a3 Be8 25. axb4 axb4 26. Ra1 Ra8 27. Bf3 b3 28. Kc3 Rab8 29. Ra5 Kf8 30. Rha1 f6 31. Re1 Bg6 32. Kb2 Bd3 33. c6 Rdc8 $14 34. Rc5 Rb6 35. c7 f5 36. Ra1 Ke7 37. Ra7 Kd7 38. g4 g6 39. gxf5 gxf5 40. Bh5 Rc6 41. Be8+ 1-0

[Event "World Junior U20 Girls 2018"]
[Site "Gebze"]
[Date "2018.09.07"]
[Round "3"]
[White "Tokhirjonova, Gulrukhbegim"]
[Black "Serikbay, Assel"]
[Result "1-0"]
[ECO "B41"]
[WhiteElo "2369"]
[BlackElo "2125"]
[Annotator "NA"]
[PlyCount "59"]
[EventDate "2018.09.05"]
[EventType "swiss"]
[EventCountry "TUR"]
[SourceTitle "playchess.com"]
[Source "ChessBase"]
[SourceQuality "1"]
[TimeControl "40/5400+30:1800+30"]

1. e4 c5 2. Nf3 e6 3. d4 cxd4 4. Nxd4 a6 5. c4 Nf6 6. Nc3 Qc7 7. Be2 Bb4 8. Nc2 Bxc3+ 9. bxc3 Qe5 10. f3 Qxc3+ 11. Bd2 Qe5 12. Bb4 Nc6 13. Bd6 Qa5+ 14. Kf2 Ng8 $16 15. Ne3 f6 16. c5 Nh6 17. Nc4 Qd8 18. Qd2 Nf7 19. Rhd1 Nxd6 20. Nxd6+ Kf8 21. Rab1 Qe7 22. Kf1 Nd8 23. Qa5 Nf7 24. Nxb7 Bxb7 25. Rxb7 Ne5 26. Qb6 g5 27. c6 Qd8 28. c7 Qe7 29. Rb8+ Kg7 30. Qb7 1-0

[Event "World Junior U20 Girls 2018"]
[Site "Gebze"]
[Date "2018.09.07"]
[Round "3"]
[White "Hojjatova, Aydan"]
[Black "Yang, Yijing"]
[Result "1-0"]
[ECO "A00"]
[WhiteElo "2356"]
[BlackElo "2018"]
[Annotator "NA"]
[PlyCount "105"]
[EventDate "2018.09.05"]
[EventType "swiss"]
[EventCountry "TUR"]
[SourceTitle "playchess.com"]
[Source "ChessBase"]
[SourceQuality "1"]
[TimeControl "40/5400+30:1800+30"]

1. b4 e6 2. Bb2 Nf6 3. a3 b6 4. e3 Bb7 5. Nf3 c5 6. b5 d5 7. c4 Be7 8. cxd5 Bxd5 9. Nc3 Bb7 10. Be2 O-O 11. O-O Nd5 12. Qb3 Bf6 13. Rfd1 Nd7 14. a4 Qc7 15. Rac1 Ne5 16. Ne4 Nxf3+ 17. Bxf3 Bxb2 18. Qxb2 Qe7 $11 19. a5 f5 20. a6 fxe4 21. axb7 exf3 22. bxa8=Q Rxa8 23. gxf3 Qg5+ 24. Kh1 Qh5 25. Rg1 Qxf3+ 26. Rg2 g6 27. Qe5 Re8 28. d4 Nb4 29. Qg3 Qe2 30. f4 Qxb5 31. dxc5 Nd3 32. Rcg1 bxc5 33. h4 c4 34. Qf3 c3 35. h5 Rc8 36. hxg6 h5 37. g7 a5 38. Rg5 Qb2 39. R5g2 Qb5 40. Rh2 Qd5 41. Qxd5 exd5 42. Rxh5 Kf7 43. Rh8 Rg8 44. Rxg8 Kxg8 45. f5 c2 46. f6 Ne5 47. Kg2 Ng4 48. Kf3 Nxf6 49. Rc1 Kxg7 50. Rxc2 Kf7 51. Kf4 Ke6 52. Rc6+ Ke7 53. Ra6 1-0

[Event "World Junior U20 Girls 2018"]
[Site "Gebze"]
[Date "2018.09.07"]
[Round "3"]
[White "Gorti, Akshita"]
[Black "Wafa, Shahenda"]
[Result "1-0"]
[ECO "D90"]
[WhiteElo "2315"]
[BlackElo "2129"]
[Annotator "NA"]
[PlyCount "91"]
[EventDate "2018.09.05"]
[EventType "swiss"]
[EventCountry "TUR"]
[SourceTitle "playchess.com"]
[Source "ChessBase"]
[SourceQuality "1"]
[TimeControl "40/5400+30:1800+30"]

1. d4 d5 2. c4 c6 3. cxd5 cxd5 4. Bf4 Nf6 5. Nc3 g6 {[%emt 0:02:30] LiveBook: 19 Games} 6. e3 a6 7. Bd3 Bg7 8. h3 O-O 9. Nf3 Nc6 10. O-O b5 11. Rc1 Bb7 12. Qe2 {[%emt 0:03:30] D90: Grünfeld: 4 Nf3 Bg7 sidelines} Re8 13. Rfd1 $146 ({Predecessor:} 13. Ne5 Rc8 14. a4 b4 15. Nb1 Qa5 16. Nxc6 Rxc6 17. Rxc6 Bxc6 18. Rc1 Qxa4 19. b3 Qxb3 20. Rxc6 {1-0 (52) Chu,R (2267)-Checa,N (2486) chess.com INT 2018}) 13... Rc8 14. Ne5 Qa5 15. a3 Qb6 16. b4 Nxe5 17. Bxe5 Nd7 18. Bxg7 Kxg7 19. Qb2 Nf6 20. a4 Bc6 21. a5 $16 Qb7 22. Nb1 e6 23. Nd2 Qe7 24. Rc2 Bb7 25. Rdc1 Rxc2 26. Rxc2 Rc8 27. Rxc8 Bxc8 28. Qc3 Bb7 29. Nb3 Ne8 30. Qc5 Qd6 31. Qa7 Bc8 32. Nc5 Qc6 33. e4 dxe4 34. Bxe4 Qd6 35. Qa8 Qc7 36. Bc6 Nd6 37. Nxa6 Bxa6 38. Qxa6 Nf5 39. Bxb5 Nxd4 40. Bf1 Qc1 41. Qc4 Qa1 42. b5 e5 43. a6 Qa5 44. Qd3 f5 45. Qe3 Kf6 46. f4 1-0

[Event "World Junior U20 Girls 2018"]
[Site "Gebze"]
[Date "2018.09.07"]
[Round "3"]
[White "Unuk, Laura"]
[Black "Isha Sharma"]
[Result "1/2-1/2"]
[ECO "E61"]
[WhiteElo "2299"]
[BlackElo "2012"]
[Annotator "NA"]
[PlyCount "124"]
[EventDate "2018.09.05"]
[EventType "swiss"]
[EventCountry "TUR"]
[SourceTitle "playchess.com"]
[Source "ChessBase"]
[SourceQuality "1"]
[TimeControl "40/5400+30:1800+30"]

1. d4 d6 2. Nf3 Nf6 3. c4 g6 4. Nc3 Bf5 {[%emt 0:00:30] LiveBook: 972 Games} 5. Ng5 Bg7 6. e4 Bd7 7. f4 O-O 8. Be2 Ne8 9. O-O e5 10. fxe5 dxe5 11. d5 Qe7 12. Qe1 a5 13. Be3 Na6 14. Rd1 b6 15. d6 Nxd6 16. Nd5 Qd8 17. Nxb6 cxb6 18. Rxd6 Qc7 19. Qd1 Bc6 20. c5 Nxc5 21. Bxc5 bxc5 22. Bc4 Be8 23. Nxf7 Bxf7 24. Rxf7 Rxf7 25. Rd7 Qc8 26. Bxf7+ Kh8 27. h4 Rb8 28. h5 gxh5 29. Be6 Qf8 30. Bf5 Qf6 31. Qxh5 h6 32. Qe2 Qg5 33. Rd6 Qc1+ 34. Kh2 Qg5 35. Rd3 Qh4+ 36. Kg1 Qg5 37. b3 c4 38. Rc3 cxb3 39. axb3 Rd8 40. Kh2 Qh4+ 41. Kg1 Qg5 42. Qc2 {[%emt 0:01:30] [#]} Rd2 $19 43. Rc8+ Bf8 44. Rxf8+ Kg7 45. Qxd2 Qxd2 46. Rb8 Kf6 47. Kh2 Qf4+ 48. Kh3 h5 49. Rb6+ Kf7 50. Rb7+ Kf8 51. Rb8+ Ke7 52. Rb7+ Kd6 53. Rd7+ Kc5 54. Rd3 Qf2 55. Kh2 Kb4 56. Rf3 Qe1 57. Rh3 Ka3 58. Bg6 h4 59. Bf5 Kb2 60. Rf3 Ka3 61. Bg6 Kb2 62. Bf5 Ka3 1/2-1/2

[Event "World Junior U20 Girls 2018"]
[Site "Gebze"]
[Date "2018.09.07"]
[Round "3"]
[White "Chitlange Sakshi"]
[Black "Schneider, Jana"]
[Result "1/2-1/2"]
[ECO "D37"]
[WhiteElo "2279"]
[BlackElo "2190"]
[Annotator "NA"]
[PlyCount "125"]
[EventDate "2018.09.05"]
[EventType "swiss"]
[EventCountry "TUR"]
[SourceTitle "playchess.com"]
[Source "ChessBase"]
[SourceQuality "1"]
[TimeControl "40/5400+30:1800+30"]

1. d4 Nf6 2. c4 e6 3. Nf3 d5 4. Nc3 Be7 5. Bf4 O-O 6. e3 a6 7. cxd5 {[%emt 0:04:00] LiveBook: 40 Games} exd5 8. Qc2 Nbd7 9. Be2 {[%emt 0:04:30] D37: Queen's Gambit Declined: 5 Bf4} (9. h3 c5 10. a3 Re8 11. dxc5 Nxc5 12. Rd1 Be6 13. Be2 Rc8 14. Qb1 Nce4 15. Nxe4 Nxe4 16. O-O Bf6 {½-½ (25) Dreev,A (2638)-Miladinovic,I (2556) Kragujevac 2015}) 9... c6 10. h3 Re8 11. O-O Nf8 12. Rab1 $146 ({Predecessor:} 12. Ne5 Ng6 13. Bg3 Bd6 14. f4 c5 15. Bf3 Ne7 16. Bh4 cxd4 17. exd4 {½-½ (56) Brown,A (2245)-Morris,J (2398) Adelaide 2013}) 12... g6 13. Bd3 Ne6 14. Be5 Ng7 15. b4 Bf5 16. a4 Bxd3 17. Qxd3 Nd7 18. Bh2 Nf5 19. Rfc1 Bd6 20. b5 axb5 21. axb5 Bxh2+ 22. Kxh2 Nd6 23. Ra1 Nb6 24. bxc6 bxc6 25. Nd2 Qc7 26. Kg1 c5 27. Rxa8 Rxa8 $16 28. Nb5 Nxb5 29. Rxc5 Ra1+ 30. Nf1 Qd7 31. Rxb5 Nc4 32. Rb1 Ra2 33. Qb3 Qa7 34. Qb8+ Qxb8 35. Rxb8+ Kg7 36. g4 Kf6 37. Kg2 Nd6 38. Ng3 Nc4 39. Rb3 Kg5 40. Rc3 f5 41. gxf5 gxf5 42. Rd3 Nd2 43. Rc3 Nc4 44. Rb3 h5 45. Rb7 Nxe3+ 46. Kf3 Nd1 47. Rg7+ Kh4 48. Nxf5+ Kxh3 49. Rg3+ Kh2 50. Rg2+ Kh3 51. Ne3 Nxe3 52. Rg3+ Kh2 53. fxe3 h4 54. Rg5 h3 55. Rxd5 Kg1 56. Rb5 Ra1 57. Rb2 h2 58. Rg2+ Kh1 59. Rg8 Rf1+ 60. Ke2 Re1+ 61. Kf2 Re2+ 62. Kf3 Rxe3+ 63. Kxe3 1/2-1/2

[Event "World Junior U20 Girls 2018"]
[Site "Gebze"]
[Date "2018.09.07"]
[Round "3"]
[White "Potapova, Margarita"]
[Black "Ozbay, Ece"]
[Result "1-0"]
[ECO "D10"]
[WhiteElo "2277"]
[BlackElo "2114"]
[Annotator "NA"]
[PlyCount "113"]
[EventDate "2018.09.05"]
[EventType "swiss"]
[EventCountry "TUR"]
[SourceTitle "playchess.com"]
[Source "ChessBase"]
[SourceQuality "1"]
[TimeControl "40/5400+30:1800+30"]

1. d4 {Fier,A} d5 2. c4 c6 3. Nc3 Nf6 4. e3 Bf5 5. cxd5 cxd5 6. Qb3 Bc8 7. Nf3 e6 8. Ne5 Nc6 {D10: Slav Defence: 3 cxd5 (without early Nf3) and 3 Nc3} 9. f4 Be7 10. Bd3 Nd7 11. O-O Ndxe5 12. fxe5 f6 13. exf6 Bxf6 14. Bd2 O-O {[#]} 15. Be1 $146 Bd7 16. Bg3 Bg5 ({Better is} 16... Na5 $14 17. Qc2 Nc4) 17. Rxf8+ Qxf8 18. Re1 b6 19. a3 Qf6 (19... Qe7 $11 {and Black stays safe.}) 20. Nxd5 Qh6 21. Be4 Rc8 22. Nc7 Na5 23. Qd3 Bh4 24. Rc1 Bb5 25. Bxh7+ Kh8 26. Qe4 Bxg3 27. hxg3 Nb3 28. Rc3 Nd2 29. Qg6 Rf8 30. Qxh6 Rf1+ 31. Kh2 gxh6 32. Nxb5 Kxh7 33. Rc7+ Kg6 $18 34. Nd6 Re1 35. Rxa7 Rxe3 36. g4 Rb3 37. Ne8 Kg5 38. Rg7+ Kf4 39. Nc7 e5 40. d5 Rxb2 41. Ne6+ Ke3 42. d6 Nf3+ 43. Kg3 Ne1 44. d7 Rxg2+ 45. Kh3 Rg1 46. g5 h5 47. Rf7 Nf3 48. Rxf3+ Kxf3 49. Kh2 Rg2+ 50. Kh1 Rd2 51. d8=Q Rxd8 52. Nxd8 e4 53. Nc6 e3 54. g6 Ke4 55. Kg2 h4 56. g7 h3+ 57. Kxh3 1-0

[Event "World Junior U20 Girls 2018"]
[Site "Gebze"]
[Date "2018.09.07"]
[Round "3"]
[White "Alinasab, Mobina"]
[Black "Cramling Bellon, Anna"]
[Result "1-0"]
[ECO "B24"]
[WhiteElo "2261"]
[BlackElo "2009"]
[Annotator "NA"]
[PlyCount "71"]
[EventDate "2018.09.05"]
[EventType "swiss"]
[EventCountry "TUR"]
[SourceTitle "playchess.com"]
[Source "ChessBase"]
[SourceQuality "1"]
[TimeControl "40/5400+30:1800+30"]

1. e4 c5 2. Nf3 e6 3. d4 cxd4 4. Nxd4 Nf6 5. Nc3 Nc6 6. g3 Bb4 7. Bg2 d5 8. O-O O-O 9. exd5 exd5 10. Bg5 Bxc3 11. bxc3 h6 12. Bf4 Bg4 13. Nxc6 bxc6 14. Qd4 Be2 15. Rfb1 Qa5 16. Bd6 Rfe8 17. Re1 Bc4 $11 18. Be7 Nd7 19. Re3 Rab8 20. Qf4 Nf8 21. Bd6 Rxe3 22. Qxe3 Rd8 23. Bb4 Qc7 24. Bh3 Ng6 25. Re1 a5 26. Bc5 Rb8 27. a3 Qe5 28. f4 Qxe3+ 29. Rxe3 Rb1+ 30. Kf2 Rb2 31. Bf5 Rb8 32. Bd6 Rb2 33. h4 h5 34. Re8+ Kh7 35. g4 Kh6 36. Rh8+ 1-0

[Event "World Junior U20 Girls 2018"]
[Site "Gebze"]
[Date "2018.09.07"]
[Round "3"]
[White "Haussernot, Cecile"]
[Black "Stanciu, Ioana-Georgiana"]
[Result "1-0"]
[ECO "B23"]
[WhiteElo "2237"]
[BlackElo "2000"]
[Annotator "NA"]
[PlyCount "111"]
[EventDate "2018.09.05"]
[EventType "swiss"]
[EventCountry "TUR"]
[SourceTitle "playchess.com"]
[Source "ChessBase"]
[SourceQuality "1"]
[TimeControl "40/5400+30:1800+30"]

1. e4 c5 2. Nc3 d6 3. f4 g6 4. Nf3 Bg7 5. Bb5+ Bd7 6. Bc4 e6 7. O-O Ne7 8. d3 Nbc6 9. f5 gxf5 10. Ng5 Ne5 11. Qh5 N7g6 12. exf5 exf5 13. Re1 Kf8 14. Rxe5 Bxe5 $16 (14... Nxe5 $15 {bleibt weiter vorne.} 15. Bxf7 Qc8) 15. Nxf7 Qh4 16. Qxh4 Nxh4 17. Nxe5 dxe5 18. Bh6+ Ke8 19. Nd5 Rc8 20. Re1 Ng6 21. h4 b5 22. h5 bxc4 23. hxg6 Be6 24. g7 Rg8 25. Nf6+ Ke7 26. Nxg8+ Rxg8 27. Rxe5 Kd6 28. Bf4 cxd3 29. cxd3 Rxg7 30. b4 cxb4 31. Ra5+ Ke7 32. Rxa7+ Kf6 33. Be5+ Kxe5 34. Rxg7 Bxa2 35. Rb7 b3 36. Rb4 Kd5 37. d4 Ke4 38. Kf2 f4 39. Ke2 h5 40. Kd2 h4 41. Kc3 h3 42. gxh3 f3 43. Kd2 b2 44. d5+ Ke5 45. Rxb2 Bxd5 46. Ke3 Kf5 47. Rb5 Ke6 48. h4 Ba8 49. Rb8 Bd5 50. Rf8 Ke7 51. Rf5 Ke6 52. Rf4 Ke7 53. h5 Bf7 54. h6 Bg6 55. Kxf3 Bh7 56. Kg4 1-0

[Event "World Junior U20 Girls 2018"]
[Site "Gebze"]
[Date "2018.09.07"]
[Round "3"]
[White "Paramzina, Anastasya"]
[Black "Nastase, Andreea-Cristina"]
[Result "1-0"]
[ECO "B90"]
[WhiteElo "2222"]
[BlackElo "1983"]
[Annotator "NA"]
[PlyCount "169"]
[EventDate "2018.09.05"]
[EventType "swiss"]
[EventCountry "TUR"]
[SourceTitle "playchess.com"]
[Source "ChessBase"]
[SourceQuality "1"]
[TimeControl "40/5400+30:1800+30"]

1. e4 c5 2. Nf3 d6 3. d4 cxd4 4. Nxd4 Nf6 5. Nc3 a6 6. h3 e5 7. Nde2 Nc6 {[%emt 0:01:30] B90: Sicilian Najdorf: Unusual White 6th moves, 6 Be3 Ng4 and 6 Be3 e5} (7... b5 8. Ng3 Qc7 9. Bd3 g6 10. Bg5 Nbd7 11. O-O Bg7 12. a4 bxa4 13. Rxa4 O-O 14. Qd2 Bb7 15. Ra3 Nc5 16. Bxf6 Bxf6 {1-0 (52) Harikrishna,P (2739)-Kokarev,D (2608) Linares 2018}) 8. g4 h6 9. Bg2 Be7 10. O-O O-O 11. Be3 Be6 12. Nd5 $146 ({Predecessor:} 12. Ng3 Ne8 13. Nf5 Bg5 14. Qd2 Bxe3 15. Qxe3 Bxf5 16. exf5 {½-½ (40) Pletnev,E (2294)-Ljamin,V (2187) Moscow 2013}) 12... Bxd5 13. exd5 Nb8 14. a4 Nh7 15. Ra3 Nd7 16. Ng3 Re8 17. Nf5 Bf8 18. Bc1 Nb6 19. a5 Nc8 20. c4 Ne7 $14 21. Be4 Nxf5 22. Bxf5 g6 23. Bc2 Rc8 24. Qe2 Qc7 25. Ra4 Qe7 26. Kg2 Rc7 27. Be3 Nf6 28. Rh1 Rec8 29. Bb1 Qd7 30. Rb4 Ra8 31. Bb6 Rcc8 32. Rb3 Qa4 33. Rf3 Nd7 34. b3 Qb4 35. Be3 Qxa5 36. h4 Bg7 37. Qc2 Re8 38. h5 e4 39. Rf4 g5 40. Rxe4 Nf8 41. Bd2 Qd8 42. Rhe1 Qd7 43. Bb4 Rxe4 44. Qxe4 b5 45. c5 dxc5 46. Bxc5 Rd8 47. Rd1 Rc8 48. Bb4 Re8 49. Qf5 Qxf5 50. Bxf5 Bf6 51. d6 Ra8 52. d7 a5 53. Bd6 Ne6 54. Be4 Ra6 55. Kf3 a4 56. bxa4 bxa4 57. Ba3 Rb6 58. Bd5 Kg7 59. Ke4 Nd8 60. Rc1 Ra6 61. Rc7 Rb6 62. Ra7 Rb1 63. Rxa4 Re1+ 64. Kd3 Rd1+ 65. Ke4 Re1+ 66. Kf3 Rd1 67. Ra5 Bc3 68. Rc5 Be5 69. Ke2 Ra1 70. Ra5 Bc3 71. Ra8 Re1+ 72. Kf3 Bf6 73. Bb2 Rd1 74. Bxf6+ Kxf6 75. Ke4 Ke7 76. Ra6 Rd2 77. f3 f6 78. Ba8 Rxd7 79. Kf5 Rd4 80. Kg6 Ne6 81. Ra7+ Kd6 82. Kxh6 Ke5 83. Ra5+ Kd6 84. Kg6 Rf4 85. h6 1-0

[Event "World Junior U20 Girls 2018"]
[Site "Gebze"]
[Date "2018.09.07"]
[Round "3"]
[White "Altantuya, Boldbaatar"]
[Black "Aubert, Laurane"]
[Result "1-0"]
[ECO "D38"]
[WhiteElo "2210"]
[BlackElo "1970"]
[Annotator "NA"]
[PlyCount "73"]
[EventDate "2018.09.05"]
[EventType "swiss"]
[EventCountry "TUR"]
[SourceTitle "playchess.com"]
[Source "ChessBase"]
[SourceQuality "1"]
[TimeControl "40/5400+30:1800+30"]

1. d4 d5 2. c4 e6 3. Nf3 Nf6 4. cxd5 exd5 5. Bg5 Bb4+ 6. Nc3 Nbd7 7. e3 h6 8. Bh4 g5 9. Bg3 Ne4 10. Qc2 h5 11. Bd3 h4 12. Bxe4 hxg3 13. Bxd5 Bxc3+ 14. bxc3 $11 Nf6 $2 (14... g4 $1 $14) 15. Bb3 gxf2+ 16. Qxf2 Ne4 17. Qc2 Bf5 18. Ne5 Nd6 19. Bxf7+ Kf8 20. Qf2 Kg7 21. O-O Qe7 22. Bb3 Raf8 23. Qb2 g4 24. Rf4 Qh4 25. g3 Qh3 26. Nf7 Nxf7 27. Rxf5 Nd6 28. Rg5+ Kh6 29. Re5 Nf5 30. Qg2 Qh5 31. e4 Qg5 32. exf5 Rxf5 33. Rxf5 Qxf5 34. Rf1 Qg5 35. Qe4 c6 36. Qe6+ Kh7 37. Rf7+ 1-0

[Event "World Junior U20 Girls 2018"]
[Site "Gebze"]
[Date "2018.09.07"]
[Round "3"]
[White "Ghukasyan, Siranush"]
[Black "Assaubayeva, Bibisara"]
[Result "1/2-1/2"]
[ECO "C77"]
[WhiteElo "2205"]
[BlackElo "2371"]
[Annotator "ChessBase"]
[PlyCount "113"]
[EventDate "2018.09.05"]
[EventType "swiss"]
[EventCountry "TUR"]
[SourceTitle "playchess.com"]
[Source "ChessBase"]
[SourceQuality "1"]
[TimeControl "40/5400+30:1800+30"]

1. e4 e5 2. Nf3 Nc6 3. Bb5 a6 4. Ba4 Nf6 5. d3 d6 6. c3 g6 7. O-O Bg7 8. Nbd2 O-O 9. Re1 b5 10. Bc2 Bb7 11. d4 Re8 12. a3 Nb8 13. b3 exd4 14. cxd4 c5 15. Bb2 cxd4 16. Bxd4 Nc6 17. Bb2 Qb6 18. Re2 Rad8 19. Qe1 Ng4 20. Bxg7 Kxg7 21. Rd1 Nge5 22. b4 a5 23. Nf1 Nxf3+ 24. gxf3 axb4 25. axb4 Kg8 26. Qd2 Ne5 27. Qf4 f5 28. Bb3+ Kg7 29. Bd5 Rf8 30. Qe3 Qxe3 31. Rxe3 Bc8 32. Nd2 fxe4 33. fxe4 Bg4 34. Rc1 Rf4 35. h3 Bh5 36. Kg2 Rdf8 37. Rf1 Bf3+ 38. Nxf3 Nxf3 39. Rd3 g5 40. Kg3 h5 41. Rc1 Ne5 42. Rd2 Rf3+ 43. Kg2 Nd3 44. Rc7+ Kh6 45. e5 Nf4+ 46. Kg1 Nxh3+ 47. Kh2 Rxf2+ 48. Rxf2 Nxf2 49. exd6 Ng4+ 50. Kg3 Ne5 51. Be4 Nf7 52. Re7 g4 53. Re6+ Kg7 54. Rg6+ Kh8 55. Rf6 Kg7 56. Rg6+ Kh8 57. Rf6 1/2-1/2

[Event "World Junior U20 Girls 2018"]
[Site "Gebze"]
[Date "2018.09.07"]
[Round "3"]
[White "Hilario, Aleyla"]
[Black "Khomeriki, Nino"]
[Result "0-1"]
[ECO "A70"]
[WhiteElo "2203"]
[BlackElo "2313"]
[Annotator "NA"]
[PlyCount "102"]
[EventDate "2018.09.05"]
[EventType "swiss"]
[EventCountry "TUR"]
[SourceTitle "playchess.com"]
[Source "ChessBase"]
[SourceQuality "1"]
[TimeControl "40/5400+30:1800+30"]

1. d4 Nf6 2. c4 e6 3. Nf3 c5 4. d5 d6 5. Nc3 exd5 6. cxd5 g6 7. e4 Bg7 8. Bd3 O-O 9. O-O Bg4 10. h3 Bxf3 11. Qxf3 Nbd7 12. Bf4 {[%emt 0:03:00] A70: Modern Benoni: 6 e4 g6 7 Nf3} (12. Qe2 a6 13. a4 Ne5 14. Bc2 Re8 15. f4 Ned7 16. Qf3 c4 17. Be3 Qa5 18. Rae1 b5 19. axb5 axb5 20. Ne2 b4 21. Bd4 {0-1 (39) Zubritskiy,A (2442)-Khalifman,A (2617) Tallinn 2016}) 12... Qe7 13. Qe2 a6 14. a4 Nh5 15. Bh2 Bd4 16. Kh1 Rae8 17. Rae1 $146 ({Predecessor:} 17. f4 Qh4 18. Qf3 f5 19. Rae1 g5 20. g3 Qxh3 21. exf5 Rxe1 22. Rxe1 gxf4 23. Bf1 Nxg3+ {0-1 (23) Akyuz,M (1874)-Erdogan,H (2170) Manavgat 2016}) 17... Qf6 18. Qd2 g5 19. Ne2 Be5 20. f4 gxf4 21. g4 Ng7 22. Nxf4 Qh4 23. Qg2 Rb8 24. Re2 b5 25. axb5 axb5 26. b3 c4 27. bxc4 b4 28. Bb1 Qe7 29. Ref2 b3 30. Nd3 f6 31. h4 Bd4 32. Rf3 Ne5 33. Nxe5 Bxe5 34. Bg1 $16 (34. h5 $18 {has better winning chances.}) 34... Kh8 35. Be3 Rg8 36. Qh3 Qd7 37. g5 Qxh3+ 38. Rxh3 Nh5 39. Rd1 b2 40. gxf6 Ng3+ 41. Kg2 Nxe4+ 42. Kf3 Nc3 43. Rdh1 Bxf6 44. Bg5 Be5 45. Kf2 Bd4+ 46. Kf3 Nxb1 47. Rxb1 Rb3+ 48. Kg2 Rxh3 49. Kxh3 Ra8 50. Bc1 bxc1=Q 51. Rxc1 h5 0-1